 Dungeon Crawl Stone Soup version 0.17-a0-1105-gbe8b664 (webtiles) character file.

644 Hanyuu the Insei (level 7, -11/45 HPs)
             Began as an Octopode Transmuter on May 22, 2015.
             Mangled by an ogre
             ... wielding a +0 giant spiked club
              (17 damage)
             ... on level 6 of the Dungeon.
             The game lasted 00:16:04 (5253 turns).

Hanyuu the Insei (Octopode Transmuter)              Turns: 5253, Time: 00:16:05

Health: -11/45     AC:  1    Str: 10    XL:     7   Next: 52%
Magic:  10/10      EV: 12    Int: 16    God:
Gold:   189        SH:  0    Dex:  8    Spells: 3 memorised, 4 levels left

rFire  + . .     SeeInvis .       - Unarmed
rCold  x . .     Clarity  .     (no shield)
rNeg   . . .     SustAb   .     (helmet restricted)
rPois  .         Gourm    .     (no amulet)
rElec  .         Spirit   .     d - ring of fire
rCorr  .         Warding  .     y - -5 ring of dexterity (curse)
rMut   .         Stasis   .     (no ring)
MR     .....                    (no ring)
Stlth  ++........               (no ring)
                                (no ring)
                                (no ring)
                                (no ring)

@: not resistant to hostile enchantments, unstealthy
A: almost no armour, amphibious, 8 rings, constrict 8, camouflage 1, gelatinous
body 1
a: no special abilities


You were on level 6 of the Dungeon.
You were not hungry.

You visited 1 branch of the dungeon, and saw 6 of its levels.

You collected 189 gold pieces.

Inventory:

Hand weapons
 a - a +0 blowgun
 v - a +1 hunting sling of flaming
Missiles
 h - 2 needles of confusion
 k - 9 curare-tipped needles
 m - 47 arrows
 n - 33 stones (quivered)
 t - 2 throwing nets
 u - 21 poisoned needles
 w - 15 poisoned sling bullets
Jewellery
 d - a ring of fire (left tentacle)
 y - a cursed -5 ring of dexterity (right tentacle)
Magical devices
 r - a wand of slowing (34)
Scrolls
 i - a scroll of random uselessness
 l - 2 scrolls of teleportation
 o - a scroll of recharging
Potions
 e - a potion of cancellation
 f - 2 potions of lignification
 g - a potion of haste
 j - a potion of resistance {unknown}
 q - a potion of might {unknown}
 s - a potion of flight {unknown}
 z - a potion of brilliance {unknown}
 B - a potion of agility
Books
 b - a book of Changes

   Spells                             Type                      Level
   a - Beastly Appendage              Transmutation                1
   b - Sticks to Snakes               Transmutation                2
   c - Spider Form                    Transmutation/Poison         3
   d - Ice Form                       Ice/Transmutation            4
   e - Blade Hands                    Transmutation                5
Comestibles
 c - a bread ration
 p - a royal jelly
 x - 3 fruits
 A - a meat ration
 C - 4 chunks of flesh


   Skills:
 + Level 2.5 Fighting
 - Level 2.0 Throwing
 + Level 2.9 Dodging
 * Level 7.0 Unarmed Combat
 - Level 2.0 Spellcasting
 - Level 3.0 Transmutations


You had 4 spell levels left.
You knew the following spells:

 Your Spells              Type           Power        Failure   Level  Hunger
a - Beastly Appendage     Trmt           ##....       8%          1    #......
b - Sticks to Snakes      Trmt           ##........   10%         2    ###....
c - Spider Form           Trmt/Pois      #.........   34%         3    ###....


Dungeon Overview and Level Annotations

Branches:
Dungeon (6/15)
 Temple: D:4-7

Altars:
Ashenzari
Cheibriados


Innate Abilities, Weirdness & Mutations

You cannot wear most types of armour.
You are amphibious.
You can wear up to eight rings at the same time.
You can use your tentacles to constrict eight enemies at once.
Your skin changes colour to match your surroundings (Stealth).
Your rubbery body absorbs attacks (AC +1).


Message History

The ogre hits you with a giant spiked club!!
* * * LOW HITPOINT WARNING * * *
You are too injured to fight recklessly!
You are too injured to fight recklessly!
You are too injured to fight recklessly!
You are too injured to fight recklessly!
You are too injured to fight recklessly!
You are too injured to fight recklessly!
You are too injured to fight recklessly!
You are too injured to fight recklessly!
You are too injured to fight recklessly!
You barely miss the ogre.
The ogre is moderately wounded.
The ogre misses you.
You closely miss the ogre.
The ogre is moderately wounded.
You closely miss the ogre.
The ogre is moderately wounded.
The ogre hits you with a giant spiked club!
You die...

#. .# #. .
#.#. #...
#..# # #..#
.# #O.##.#
#.@.).#.###
##.<.......
#..#.##.##
#..# # #...
#.... #....
#.....
######


You could see an ogre.

Vanquished Creatures
  An ogre (D:4)
  A scorpion (D:3)
  2 hounds
  2 orc priests (D:5)
  3 worker ants
  3 orc wizards
  7 adders
  2 gnolls (D:2)
  3 worms
  24 orcs
  A ball python (D:4)
  13 bats
  8 giant cockroaches
  8 hobgoblins
  9 jackals
  11 kobolds
  3 quokkas
  5 giant geckos
  3 giant newts
  12 goblins
  5 rats
126 creatures vanquished.

Vanquished Creatures (others)
  A goblin (D:1)
1 creature vanquished.

Grand Total: 127 creatures vanquished

Notes
Turn   | Place    | Note
--------------------------------------------------------------
     0 | D:1      | Hanyuu the Octopode Transmuter began the quest for the Orb.
     0 | D:1      | Reached XP level 1. HP: 13/13 MP: 3/3
    97 | D:1      | Reached XP level 2. HP: 15/18 MP: 5/5
   174 | D:1      | You fall through a shaft!
   334 | D:1      | Reached skill level 4 in Unarmed Combat
   553 | D:1      | Reached XP level 3. HP: 21/23 MP: 6/6
   557 | D:1      | Learned a level 2 spell: Sticks to Snakes
   561 | D:1      | Learned a level 3 spell: Spider Form
  2060 | D:2      | Found a snail-covered altar of Cheibriados.
  2074 | D:2      | Reached XP level 4. HP: 20/28 MP: 0/7
  2078 | D:2      | Reached skill level 5 in Unarmed Combat
  2640 | D:3      | Reached skill level 1 in Throwing
  2640 | D:3      | Reached XP level 5. HP: 23/33 MP: 8/8
  3146 | D:3      | Reached XP level 6. HP: 34/38 MP: 9/9
  3235 | D:3      | Found a shattered altar of Ashenzari.
  3567 | D:4      | Reached skill level 6 in Unarmed Combat
  4312 | D:4      | Reached XP level 7. HP: 45/45 MP: 10/10
  4773 | D:5      | Entered Level 5 of the Dungeon
  5044 | D:5      | Reached skill level 7 in Unarmed Combat
  5253 | D:6      | Mangled by an ogre

Vault maps used:
D:1:      erik_arrival_blinker_ship, st_stairs_8
D:2:      cheibriados_altar_wand_db, serial_forest,
          infiniplex_forest_clump_double, infiniplex_forest_clump_curved,
          infiniplex_forest_lined_room_, infiniplex_forest_clump_tiny,
          infiniplex_forest_clump_small, infiniplex_forest_straight_2,
          infiniplex_forest_corner_1
D:3:      evilmike_ruin_ashenzari
D:5:      first_bread, kennysheep_small_spiral
D:6:      nicolae_gozag_cash_rules_everything_around_me, lemuel_crystal_altar,
          tgw_xom, minmay_temple_entry_purple_smoke, gup_ossuary_entry_pyramid,
          serial_shops, shop, elyvilon_altar_3, uniq_edmund

Action                   |  1- 3 |  4- 6 |  7- 9 || total
-------------------------+-------+-------+-------++-------
Melee: Unarmed           |    95 |   151 |    53 ||   299
 Fire: Blowgun           |       |    38 |     2 ||    40
 Cast: Beastly Appendage |     2 |     5 |     1 ||     8
       Spider Form       |     2 |     2 |     2 ||     6
  Use: Scroll            |       |    12 |       ||    12
 Stab: Sleeping          |     3 |     9 |       ||    12
  Eat: Chunk             |     3 |     4 |     3 ||    10
       Bread ration      |       |     1 |       ||     1
